 Dungeon Crawl Stone Soup version 0.14-a0-484-gae2d0ec (webtiles) character file.

40527 Malachi the Executioner (level 13, -26/105 HPs)
             Began as a Deep Dwarf Berserker on Oct 31, 2013.
             Was a High Priest of Trog.
             Killed from afar by an ogre mage (60 damage)
             ... with a crystal spear
             ... on Level 16 of the Dungeon.
             The game lasted 00:48:49 (13092 turns).

Malachi the Executioner (Deep Dwarf Berserker)     Turns: 13092, Time: 00:48:49

HP -26/105       AC 23     Str 27      XL: 13   Next: 70%
MP  16/16        EV  8     Int  8 (10) God: Trog [*****.]
Gold 804         SH  0     Dex 12      Spells:  0 memorised, 12 levels left

Res.Fire  : . . .   See Invis. : .   S - +2,+7 dwarf executioner's axe (elec)
Res.Cold  : + . .   Warding    : +   J - +8 chain mail of Fallacy {rElec rC+}
Life Prot.: + . .   Conserve   : .   (no shield)
Res.Poison: .       Res.Corr.  : .   h - +0 plumed helmet
Res.Elec. : +       Clarity    : .   a - +0 cloak
Sust.Abil.: . .     Spirit.Shd : .   I - +0 pair of gloves
Res.Mut.  : .       Stasis     : .   V - +0 pair of boots
Res.Rott. : .       Flight     : .   G - amulet of warding
Saprovore : . . .                    z - ring "Inlo Tux" {MR++ Acc+5 Dam+5}
                                     u - +3 ring of strength

@: non-regenerating, extremely resistant to hostile enchantments, extremely
unstealthy
A: damage resistance, recharge devices, sense surroundings 2, slow healing 3
a: Device Recharging, Burn Spellbooks, Berserk, Trog's Hand, Brothers in Arms,
Renounce Religion


You were on level 16 of the Dungeon.
You worshipped Trog.
Trog was extremely pleased with you.
You were very hungry.

You visited 2 branches of the dungeon, and saw 17 of its levels.
You also visited: Bailey.

You collected 1022 gold pieces.
You spent 218 gold pieces at shops.

Inventory:

Hand weapons
 b - the +3,+0 war axe of Yqiog {chop, Stlth}
   (You found it on level 12 of the Dungeon)

   It inflicts extra damage upon your enemies.
   It makes you more stealthy.
 e - a +0,+1 hand axe of flaming
 m - a +2,+3 war axe
 v - a +3,+2 vampiric hand axe
 w - a cursed -1,-1 orcish hand axe
 D - a +0,+10 dwarven anti-magic battleaxe
 S - a +2,+7 dwarven executioner's axe of electrocution (weapon)
Missiles
 r - 100 sling bullets
Armour
 a - a +0 cloak (worn)
 h - a +0 plumed helmet (worn)
 p - a +0 fire dragon armour
 y - the +3 scale mail of Bruloy Nuef {+Inv rPois rF+}
   (You found it on level 13 of the Dungeon)

   It protects you from fire.
   It protects you from poison.
   It lets you turn invisible.
 I - a +0 pair of gloves (worn)
 J - the +8 chain mail of Fallacy (worn) {rElec rC+}
   (You found it on level 15 of the Dungeon)

   It protects you from cold.
   It insulates you from electricity.
 V - a +0 pair of boots (worn)
Magical devices
 c - a wand of heal wounds (5)
 R - a wand of disintegration (9)
 Y - a wand of teleportation (2)
Comestibles
 q - 4 royal jellies
 s - 4 bread rations
 B - 4 meat rations
 W - an apple
 Z - 9 chunks of dragon flesh
Scrolls
 f - 5 scrolls of remove curse
 j - 3 scrolls of magic mapping
 x - 6 scrolls of teleportation
 U - 2 scrolls of fog
Jewellery
 l - an uncursed ring of teleportation
 n - a +1 ring of strength
 u - a +3 ring of strength (left hand)
 z - the ring "Inlo Tux" (right hand) {MR++ Acc+5 Dam+5}
   (You found it on level 8 of the Dungeon)

   [ring of slaying]

   It affects your accuracy (+5).
   It affects your damage-dealing abilities (+5).
   It affects your resistance to hostile enchantments.
 C - an uncursed amulet of resist corrosion
 E - an uncursed amulet of rage
 G - an amulet of warding (around neck)
 L - an uncursed ring of ice
 O - an uncursed ring of see invisible
 X - an uncursed ring of sustenance {unknown}
Potions
 d - 2 potions of invisibility
 g - 12 potions of curing
 k - 2 potions of confusion {unknown}
 o - a potion of berserk rage
 t - a potion of speed
 A - a potion of porridge {unknown}
 F - a potion of agility
 H - a potion of heal wounds
 K - a potion of flight
 M - a potion of restore abilities
 N - a potion of mutation
 Q - 2 potions of might


   Skills:
 - Level 2.6 Fighting
 - Level 22.1 Axes
 * Level 7.2 Armour
 * Level 5.1 Dodging
 - Level 3.4 Evocations


You had 12 spell levels left.
You didn't know any spells.

Dungeon Overview and Level Annotations

Branches:
Dungeon (16/27)            Temple (0/1) D:7             Orc (0/4) D:8
   Lair (1/8) D:10         Vaults (0/5) D:15

Altars:
Elyvilon
Kikubaaqudgha
Trog

Shops:
D:4 (   D:8 [([   D:10 [   D:11 !?

Annotations:
D:10 Sonja


Innate Abilities, Weirdness & Mutations

You are resistant to damage.
You can recharge devices by infusing magical energy.
You passively map the area around you.
You do not heal naturally.


Message History

The ogre mage blinks!
The ogre hits you but does no damage.
You slice the ogre!!
There is a sudden explosion of sparks!
You kill the ogre!
Trog accepts your kill.
You are feeling very hungry.
You dice the ogre like an onion!!!
You kill the ogre!
Trog accepts your kill.
The ogre mage hits you from afar with a spear.
Items here: %% ))))
The ogre mage completely misses you.
There is an open door here.
You slash the ogre mage!
The ogre mage is severely wounded.
You barely miss the ogre mage.
The ogre mage is severely wounded.
The ogre mage points at you and mumbles some strange words.
The crystal spear hits you!
Ouch! That really hurt!
You die...

...# #.##...#.#.# *,
,* ,*
...####.##...#.#.#
<,,
...#....##...#.#.# **
, ##.#.#####...#.#.#
#.#.#* *#...#.#.# * *
* #.#.# +..('.#)# *
#.#.# **#...###.# ,
#.#.#,* #...# #)# *
##'#.#, #...###@## ,
, .....# ###....O.###
#.##.# * .....# *
#........# #.##.#
.....#.#####........#
#.##.#
##.#.#.........#....#
#.##.#
#.#.#########.#....#
#.##.# ##.#..<....#
#.#....####.##.#
...#######.#
#.#.......#.##.# ####
#.# #.#..####.#.##.#


You could see an ogre mage.

Vanquished Creatures
  A dragon (D:16)
  Harold (D:10)
  Josephine (D:10)
  3 hydras
  An ogre mage (D:16)
  Nergalle (D:11)
  4 centaur warriors
  5 hill giants
  Pikel (D:5)
  A cyclops (D:15)
  4 stone golems (D:11)
  4 orange demons (D:12)
  7 two-headed ogres
  7 trolls
  A wind drake (shapeshifter) (D:15)
  A slime creature (D:12)
  A red wasp zombie (D:15)
  17 ugly things
  3 hill giant zombies
  The ghost of Malachi the Chopper, an average DDBe of Trog (D:4)
  15 yaks
  A wyvern (D:10)
  2 sharks (D:10)
  A shadow (D:15)
  Grum (D:10)
  A steam dragon (D:10)
  3 hippogriffs
  2 hungry ghosts
  3 wolves (D:10)
  3 wraiths
  A rock worm (D:11)
  2 hill giant skeletons
  A mottled dragon (D:13)
  5 vampire mosquitoes
  2 manticores
  2 necrophages (D:11)
  A soldier ant (D:16)
  5 porcupines
  4 ice beasts
  4 phantoms
  A giant goldfish (D:10)
  21 orc warriors
  2 slaves (D:5)
  5 sky beasts
  2 black bears
  10 ogres
  4 yellow wasps
  A rotting devil (D:12)
  5 crocodiles
  Sigmund (D:5)
  22 centaurs
  A giant slug (D:10)
  10 big kobolds
  2 brain worms (D:16)
  2 cyclops zombies
  A manticore zombie (D:10)
  8 giant frogs
  A cyclops skeleton (D:12)
  10 wights
  A wyvern skeleton (D:10)
  A troll zombie (D:10)
  9 killer bees
  A hippogriff zombie (D:12)
  2 electric eels (D:10)
  2 yak skeletons
  3 jellyfish
  A troll skeleton (D:14)
  A hippogriff skeleton (D:14)
  8 crimson imps
  A goliath beetle (D:8)
  A big fish (D:10)
  A black bear zombie (D:9)
  A two-headed ogre zombie (D:14)
  9 jellies
  2 quasits
  8 orc priests
  A rock worm simulacrum (D:15)
  A basilisk skeleton (D:14)
  9 hounds
  A centaur skeleton (D:10)
  A giant frog skeleton (D:8)
  15 orc wizards
  6 worker ants
  5 iguanas
  7 scorpions
  8 sheep
  Ijyb (D:5)
  A crocodile skeleton (D:8)
  A sky beast zombie (D:10)
  A mummy (D:10)
  3 green rats
  8 adders
  A giant centipede (D:13)
  4 gnolls (D:7)
  4 giant mites
  4 worms
  A giant eyeball (D:11)
  5 giant geckos
  6 oozes
  77 orcs
  3 ball pythons
  20 bats
  7 goblins
  21 hobgoblins
  19 jackals
  7 quokkas
  A giant cockroach (D:1)
  4 giant newts
  A jackal zombie (D:8)
  31 kobolds
  A kobold skeleton (D:4)
  23 rats
  A rat zombie (D:6)
  7 ballistomycetes
602 creatures vanquished.

Vanquished Creatures (others)
  A troll (D:11)
  2 orcs
  4 giant spores
7 creatures vanquished.

Grand Total: 609 creatures vanquished

Notes
Turn   | Place    | Note
--------------------------------------------------------------
     0 | D:1      | Malachi, the Deep Dwarf Berserker, began the quest for the Orb.
     0 | D:1      | Reached XP level 1. HP: 21/21 MP: 0/0
   123 | D:1      | Reached skill level 4 in Axes
   123 | D:1      | Reached XP level 2. HP: 25/28 MP: 1/1
   256 | D:1      | Acquired Trog's second power
   406 | D:1      | Reached XP level 3. HP: 23/34 MP: 2/2
   793 | D:2      | Reached skill level 5 in Axes
   857 | D:2      | Noticed a moth of wrath
   860 | D:2      | Found a bloodstained altar of Trog.
   974 | D:2      | Reached XP level 4. HP: 43/43 MP: 3/3
  1692 | D:3      | Acquired Trog's third power
  1807 | D:3      | Reached skill level 6 in Axes
  1844 | D:3      | Reached XP level 5. HP: 49/49 MP: 4/4
  2225 | D:4      | Noticed Malachi's ghost (average DDBe)
  2240 | D:4      | Killed Malachi's ghost
  2240 | D:4      | Reached skill level 7 in Axes
  2240 | D:4      | Reached XP level 6. HP: 56/56 MP: 5/5
  2293 | D:4      | Noticed a phantom
  2321 | D:4      | Reached skill level 8 in Axes
  2351 | D:4      | Killed a phantom
  2661 | D:4      | Found Suac's Antique Weapon Shop.
  2811 | D:4      | Reached XP level 7. HP: 38/63 MP: 6/6
  2970 | D:5      | Entered Level 5 of the Dungeon
  3032 | D:5      | Reached skill level 9 in Axes
  3165 | D:5      | Noticed Ijyb
  3178 | D:5      | Killed Ijyb
  3356 | D:5      | Noticed Pikel
  3367 | D:5      | Killed Pikel
  3367 | D:5      | Reached skill level 10 in Axes
  3367 | D:5      | Reached XP level 8. HP: 70/70 MP: 7/7
  3386 | D:5      | Reached skill level 11 in Axes
  3495 | D:5      | Noticed Sigmund
  3512 | D:5      | Killed Sigmund
  3663 | D:5      | Reached skill level 12 in Axes
  3818 | D:6      | Noticed a troll
  3828 | D:6      | Killed a troll
  3933 | D:6      | Gained mutation: You passively map the area around you. [level up]
  3933 | D:6      | Reached XP level 9. HP: 76/76 MP: 8/8
  4008 | D:6      | Reached skill level 13 in Axes
  4257 | D:6      | Received a gift from Trog
  4585 | D:7      | Found a staircase to the Ecumenical Temple.
  4632 | D:7      | Paralysed by a yellow wasp for 1 turns
  4848 | D:7      | Reached skill level 14 in Axes
  5183 | D:8      | Found an ancient bone altar of Kikubaaqudgha.
  5208 | D:8      | Found Pnuaba's Armour Boutique.
  5217 | D:8      | Found a staircase to the Orcish Mines.
  5224 | D:8      | Found Haopuen's Weapon Boutique.
  5680 | D:8      | Reached skill level 15 in Axes
  5721 | D:8      | Got a sparkling tin ring
  5756 | D:8      | Reached XP level 10. HP: 52/85 MP: 3/9
  5782 | D:8      | Received a gift from Trog
  5963 | D:8      | Found Wiafrei's Armour Boutique.
  6578 | D:9      | Found a white marble altar of Elyvilon.
  6967 | D:9      | Reached skill level 16 in Axes
  6991 | D:10     | Entered Level 10 of the Dungeon
  7250 | D:10     | Received a gift from Trog
  7319 | D:10     | Noticed Harold
  7328 | D:10     | Killed Harold
  7328 | D:10     | Reached skill level 17 in Axes
  7481 | D:10     | Noticed Sonja
  7483 | D:10     | Reached XP level 11. HP: 38/91 MP: 10/10
  7493 | D:10     | Found a staircase to the Lair.
  7505 | Lair:1   | Entered Level 1 of the Lair of Beasts
  7666 | D:10     | Reached skill level 1 in Evocations
  7687 | D:10     | Noticed Josephine
  7694 | D:10     | Killed Josephine
  7717 | D:10     | Noticed a hill giant
  7719 | D:10     | Reached skill level 18 in Axes
  7723 | D:10     | Killed a hill giant
  7809 | D:10     | Found Twuvouna's Armour Shop.
  7846 | D:10     | Bought a +0 pair of boots for 24 gold pieces
  7991 | D:10     | Noticed Grum
  8006 | D:10     | Killed Grum
  8097 | D:11     | Noticed a hill giant
  8178 | D:11     | Killed a hill giant
  8189 | D:11     | Reached skill level 19 in Axes
  8329 | D:11     | Noticed Nergalle
  8354 | D:11     | Killed Nergalle
  8444 | D:11     | Received a gift from Trog
  8682 | D:11     | Found Ashregg's Magic Scroll Boutique.
  8705 | D:11     | Bought a scroll of identify for 30 gold pieces
  8705 | D:11     | Bought a scroll of identify for 30 gold pieces
  8705 | D:11     | Bought a scroll of identify for 30 gold pieces
  8708 | D:11     | Identified the cursed ring "Inlo Tux" {MR++ Acc+5 Dam+5} (You found it on level 8 of the Dungeon)
  8736 | D:11     | Found Hometz's Distillery.
  8745 | D:11     | Bought a potion of curing for 26 gold pieces
  8745 | D:11     | Bought a potion of heal wounds for 39 gold pieces
  8745 | D:11     | Bought a potion of heal wounds for 39 gold pieces
  8795 | D:12     | Reached XP level 12. HP: 56/98 MP: 13/13
  8937 | D:12     | Noticed a hill giant
  8941 | D:12     | Killed a hill giant
  9028 | D:12     | Reached skill level 20 in Axes
  9258 | D:12     | Got a warped war axe
  9259 | D:12     | Identified the cursed +3,+0 war axe of Yqiog {chop, Stlth} (You found it on level 12 of the Dungeon)
  9259 | D:12     | Identified the cursed +3,+0 war axe of Yqiog {chop, Stlth} (You found it on level 12 of the Dungeon)
  9473 | D:12     | Noticed a centaur warrior
  9474 | D:12     | Noticed a five-headed hydra
  9597 | D:12     | Killed a centaur warrior
  9819 | D:12     | Killed a one-headed hydra
 10147 | D:13     | Got a steaming scale mail
 10166 | D:13     | Identified the cursed +3 scale mail of Bruloy Nuef {+Inv rPois rF+} (You found it on level 13 of the Dungeon)
 10579 | D:14     | Entered Level 14 of the Dungeon
 10588 | D:14     | Reached skill level 21 in Axes
 10780 | D:14     | Noticed a four-headed hydra
 10787 | D:14     | Killed a hydra
 11064 | D:14     | Found a flagged portal.
 11104 | Bailey   | Entered a bailey
 11172 | Bailey   | Reached XP level 13. HP: 48/105 MP: 15/15
 11503 | D:15     | Entered Level 15 of the Dungeon
 11546 | D:15     | Reached skill level 22 in Axes
 12380 | D:15     | Got a diamond-encrusted chain mail
 12401 | D:15     | Identified the +8 chain mail of Fallacy {rElec rC+} (You found it on level 15 of the Dungeon)
 12406 | D:15     | Found a staircase to the Vaults.
 12497 | D:16     | Reached skill level 5 in Armour
 13058 | D:16     | Reached skill level 5 in Dodging
 13092 | D:16     | Killed from afar by an ogre mage

Action                   |  1- 3 |  4- 6 |  7- 9 | 10-12 | 13-15 || total
-------------------------+-------+-------+-------+-------+-------++-------
Melee: Hand axe          |   126 |   208 |   196 |    11 |       ||   541
       Battleaxe         |       |       |   156 |   189 |       ||   345
       Executioner's axe |       |       |       |   428 |   172 ||   600
Invok: Berserk           |       |     1 |     6 |     8 |     4 ||    19
       Trog's Hand       |       |       |     4 |    33 |    10 ||    47
       Brothers in Arms  |       |       |       |     1 |       ||     1
 Abil: Device Recharging |       |       |       |     1 |     1 ||     2
Evoke: Wand              |       |       |     4 |    14 |    24 ||    42
  Use: Scroll            |       |    17 |     5 |    24 |     4 ||    50
       Potion            |       |       |       |     6 |     1 ||     7
 Stab: Paralysed         |       |       |     2 |       |       ||     2
